Map: New Gettysburg LE

Players

hills - Winner!

  • Race: Terran Terran
  • League: Diamond

Tenonee

  • Race: Terran Terran
  • League: Diamond

VOD

Have the link to the VOD?

Description

Time

  • Played on: July 31, 2016, 5:05 a.m.
  • Length: 11:36
Show
View Real Time Build Order
Export as new Build Order

hills Terran - Winner!

Build Orders: Reaper Expand, MMM Bio 

Get SALT Encoding   

  12  0:01  SCV  
  13  0:13  SCV  
  14  0:20  Supply Depot  
  14  0:25  SCV  
  15  0:41  SCV  
  16  0:43  Barracks  
  16  0:47  Refinery  
  16  0:58  SCV  
  17  1:10  SCV  
  18  1:22  SCV  
  19  1:31  Reaper  
  20  1:34  Orbital Command  
  20  1:45  Command Center  
  20  1:57  Supply Depot  
  20  2:00  SCV  
  21  2:03  Reaper  
  22  2:12  SCV  
  23  2:19  Barracks  
  23  2:24  SCV  
  24  2:36  SCV  
  25  2:48  SCV  
  25  2:49  Reaper  
  27  2:53  Barracks  
  27  2:54  Barracks, Refinery  
  27  3:01  SCV  
  28  3:13  SCV  
  28  3:15  Orbital Command  
  28  3:17  Reaper  
  30  3:25  SCV  
  31  3:36  Barracks Tech Lab  
  31  3:37  Factory, SCV  
  32  3:44  Supply Depot  
  32  3:45  Reaper x2  
  34  3:48  SCV  
  34  3:49  Reaper, SCV  
  37  4:01  SCV  
  38  4:04  SCV  
  40  4:13  SCV  
  40  4:16  SCV  
  41  4:25  Factory Reactor, SCV  
  41  4:27  Starport  
  41  4:28  SCV  
  41  4:30  Refinery  
  43  4:34  Supply Depot  
  43  4:35  Reaper x2  
  43  4:36  Supply Depot  
  43  4:37  SCV  
  44  4:41  SCV  
  45  4:49  SCV  
  46  4:53  SCV  
  46  4:57  Reaper  
  49  5:02  SCV  
  49  5:03  Barracks  
  49  5:05  Barracks, SCV  
  47  5:14  SCV  
  49  5:17  SCV, Stimpack  
  49  5:18  Barracks Tech Lab  
  48  5:21  Factory Tech Lab  
  48  5:22  Marine x2  
  48  5:23  Medivac  
  48  5:26  SCV  
  53  5:29  Marine, SCV  
  53  5:34  Bunker  
  55  5:38  SCV, Refinery  
  55  5:39  Supply Depot, Marine  
  55  5:40  Marine  
  55  5:41  SCV  
  59  5:44  Medivac  
  59  5:49  Siege Tank  
  64  5:50  SCV  
  64  5:53  SCV  
  64  5:55  Marine x3  
  64  5:56  Marine  
  70  6:00  Marine  
  70  6:02  Supply Depot, Combat Shields, SCV  
  70  6:03  Marine  
  73  6:05  SCV  
  73  6:09  Supply Depot  
  73  6:11  Supply Depot  
  74  6:12  Marine  
  74  6:14  Supply Depot, SCV  
  74  6:17  SCV  
  74  6:18  Supply Depot  
  77  6:25  Engineering Bay  
  77  6:29  Marine x3  
  77  6:32  Engineering Bay  
  80  6:40  Medivac  
  80  6:41  Medivac, Marine x3  
  87  6:48  Supply Depot  
  87  6:49  Supply Depot  
  87  6:51  Marine x3  
  90  6:57  Siege Tank  
  90  6:59  Marine x3  
  96  7:09  Marine x3  
  99  7:17  Marine x3  
  99  7:19  Liberator  
  98  7:26  Marine  
  98  7:27  Marine x2  
  91  7:35  Marine x3, Medivac  
  99  7:44  Marine x3  
  99  7:47  Liberator  
  102  7:52  Marine  
  102  7:53  Marine x2  
  105  8:02  Marine x3  
  105  8:04  Terran Infantry Weapons Level 1  
  111  8:07  Terran Infantry Armor Level 1  
  111  8:10  Marine x2  
  111  8:11  Marine  
  111  8:20  Marine x3  
  109  8:33  Marine  
  109  8:34  Marine x2  
  111  8:35  Medivac, Siege Tank  
  111  8:38  Marine x3  
  120  8:46  SCV x2  
  120  8:47  Medivac  
  116  8:51  Marine  
  115  8:57  Marine x2  
  115  8:58  Marine x3, SCV x2  
  115  8:59  Command Center  
  122  9:07  Siege Tank  
  122  9:09  Marine  
  124  9:10  SCV  
  124  9:15  Marine x2  
  124  9:16  Marine x3  
  122  9:27  Marine  
  118  9:33  Marine x2  
  118  9:34  Marine x3  
  123  9:45  Marine  
  115  9:51  Marine x5  
  120  9:53  Siege Tank  
  123  10:02  Marine  
  112  10:09  Marine x5  
  109  10:20  Marine  
  98  10:22  Medivac  
  98  10:25  Siege Tank  
  98  10:26  Marine x2  
  98  10:27  Marine x3  
  107  10:38  Marine  
  108  10:44  Marine x2  
  108  10:45  Marine x3  
  113  10:54  Viking  
  113  10:56  Marine  
  114  10:57  Siege Tank  
  114  11:02  Marine x2  
  114  11:03  Marine x3  
  117  11:14  Marine  
Show
View Real Time Build Order
Export as new Build Order

Tenonee Terran 

Build Orders: MMM Bio 

Get SALT Encoding   

  12  0:01  SCV  
  13  0:13  SCV  
  14  0:19  Supply Depot  
  14  0:25  SCV  
  15  0:41  SCV  
  16  0:44  Barracks  
  16  0:47  Refinery  
  16  0:53  SCV  
  17  1:02  Supply Depot  
  17  1:05  SCV  
  18  1:17  SCV  
  19  1:33  Orbital Command  
  19  1:43  Barracks Reactor  
  19  1:57  Command Center  
  19  2:00  SCV  
  20  2:14  SCV  
  21  2:20  Factory  
  21  2:21  Marine  
  22  2:23  Marine  
  22  2:26  SCV  
  24  2:38  SCV  
  24  2:39  Marine  
  24  2:40  Marine  
  25  2:52  SCV  
  25  2:56  Barracks  
  25  2:57  Marine  
  27  2:58  Marine  
  27  3:04  SCV  
  29  3:15  Marine  
  29  3:16  Orbital Command, Marine, SCV  
  32  3:21  Factory Tech Lab  
  32  3:30  SCV  
  32  3:33  Marine  
  34  3:37  Starport  
  34  3:39  Refinery  
  34  3:44  SCV  
  34  3:47  Marine  
  37  3:51  Barracks Tech Lab  
  36  3:57  SCV x2  
  36  4:07  Marine x2  
  36  4:09  SCV  
  39  4:16  Orbital Command  
  39  4:21  SCV  
  39  4:23  Siege Tank  
  43  4:24  Starport Reactor  
  43  4:25  Marine  
  44  4:39  SCV  
  44  4:40  Marine  
  44  4:42  Stimpack  
  46  4:47  Marine x2  
  46  4:50  SCV  
  46  4:51  SCV  
  50  4:57  Supply Depot  
  50  5:02  SCV  
  50  5:11  SCV  
  51  5:14  SCV  
  51  5:15  Supply Depot  
  51  5:19  Siege Tank  
  55  5:23  Marine x3  
  55  5:26  SCV  
  55  5:28  SCV  
  60  5:33  Supply Depot  
  60  5:38  Refinery  
  60  5:39  Medivac, SCV  
  60  5:40  SCV  
  64  5:47  Medivac  
  64  5:49  Marine  
  66  5:50  Marine  
  66  5:51  SCV  
  66  5:53  Supply Depot  
  69  5:59  SCV  
  69  6:00  Engineering Bay  
  69  6:03  Engineering Bay, SCV  
  71  6:12  Marine  
  71  6:13  Marine x2  
  71  6:14  Siege Tank  
  77  6:26  Medivac x2  
  77  6:30  Marine x2  
  83  6:38  Marine  
  84  6:42  Combat Shields  
  84  6:48  Marine, Refinery  
  84  6:53  Marine  
  86  6:57  Marine  
  86  6:59  Terran Infantry Weapons Level 1  
  86  7:01  Command Center  
  86  7:16  Terran Infantry Armor Level 1  
  86  7:19  Marine  
  86  7:27  Marine x2  
  85  7:43  SCV  
  86  7:49  Siege Tank  
  89  7:52  Missile Turret  
  89  7:55  Missile Turret  
  88  8:22  Marine x3  
  88  8:24  Siege Tank  
  88  8:25  Viking x2  
  93  8:29  Supply Depot  
  74  8:40  Marine x3  
  77  8:50  Factory  
  76  8:57  Viking, Medivac, Marine  
  81  9:09  Marine x2  
  82  9:22  Marine  
  83  9:27  Marine  
  83  9:35  Marine  
  76  9:40  Marine  
  76  9:44  Marine  
  78  9:46  Siege Tank  
  78  9:47  Viking x2  
  84  9:53  Marine  
  84  9:54  Barracks x2  
  84  9:55  Armory  
  84  9:56  Barracks  
  84  9:57  Marine  
  84  10:02  Marine  
  82  10:10  Marine  
  83  10:15  Marine  
  83  10:20  Marine  
  75  10:28  Marine  
  75  10:33  Marine  
  77  10:38  Marine  
  77  10:40  Siege Tank  
  77  10:42  Medivac x2  
  84  10:45  Barracks Reactor x2  
  84  10:46  Marine  
  85  10:51  Marine  
Tags
 
Add a new tag
Caveats
  • Supply blocks, unpowered buildings, or Contaminate may cause inaccurate times.
  • Supply counts are checked every 10 seconds.